 Dungeon Crawl Stone Soup version 0.29.0-4-gdea44cf6ec (webtiles) character file.

Game seed: 15107233838080826128

296 qw the Chopper (level 6, -7/48 HPs)
             Began as a Barachi Chaos Knight on Sept 6, 2022.
             Mangled by Pikel
             ... wielding a +2 whip of electrocution
              (11 damage)
             ... on level 4 of the Dungeon.
             The game lasted 00:01:22 (3340 turns).

qw the Chopper (Barachi Chaos Knight)               Turns: 3340, Time: 00:01:22

Health: -7/48      AC:  8    Str: 19    XL:     6   Next: 34%
Magic:  6/6        EV:  7    Int: 11    God:
Gold:   162        SH:  0    Dex: 11    Spells: 5/5 levels left

rFire   . . .      SeeInvis .   Y - +0 hand axe (chaos)
rCold   . . .      Faith    .   (no shield)
rNeg    . . .      Spirit   .   i - +0 chain mail
rPois   .          Reflect  .   (helmet restricted)
rElec   .          Harm     .   (no cloak)
rCorr   .          Rampage  .   (no gloves)
Will    +....                   (no boots)
Stlth   ..........              (no amulet)
HPRegen 0.16/turn               d - ring of willpower
MPRegen 0.10/turn               (no ring)

@: slow
A: amphibious, slowness 1, strong legs 1, +LOS, antennae 1, strong 1, noise
suppression
a: Hop


You were on level 4 of the Dungeon.
You visited 1 branch of the dungeon, and saw 4 of its levels.

You collected 162 gold pieces.


Innate Abilities, Weirdness & Mutations

You are amphibious.
You cover ground slowly.
You can hop short distances.
You have an extended range of vision and can be seen from far away.
You have a pair of small antennae on your head.
Your muscles are strong. (Str +4, Int/Dex -1)
You passively dampen the noise of your surroundings.


   Skills:
 - Level 4.1 Fighting
 + Level 7.2 Axes
 - Level 1.0 Throwing
 - Level 2.4 Armour
 - Level 1.1 Dodging


You had 5 spell levels left.
You didn't know any spells.
Your spell library was empty.

Inventory:

Hand Weapons
 l - a +3 flail
 Y - a +0 hand axe of chaos (weapon)
Armour
 i - a +0 chain mail (worn)
Jewellery
 b - a +4 ring of protection
 d - a ring of willpower (left hand)
Scrolls
 a - a scroll of identify
 k - a scroll of teleportation
Potions
 e - a potion of curing {unknown}
 g - a potion of heal wounds {unknown}
Miscellaneous
 c - a piece from Xom's chessboard (15/15)

Dungeon Overview and Level Annotations

Branches:
Dungeon (4/15)
 Temple: D:4-7

Altars:

Annotations:
D:4 Pikel


Message History

You hit the lemure but do no damage. The lemure barely misses you.
The lemure completely misses you.
You hit the lemure but do no damage.
The lemure suddenly seems more agile.
The lemure is moderately wounded.
You hit the lemure. You burn the lemure. The lemure closely misses you.
The lemure barely misses you.
You slash the lemure!
The lemure convulses!
You kill the lemure!
That felt strangely unrewarding.
You closely miss the lemure. You hit the lemure.
The lemure is heavily wounded.
The lemure hits you.
You barely miss the lemure. Your punch misses the lemure.
The lemure is severely wounded.
You closely miss Pikel. The lemure hits you but does no damage.
Pikel hits you with a +2 whip of electrocution.
You closely miss the lemure.
The lemure is severely wounded.
You barely miss Pikel. The lemure hits you but does no damage.
Pikel hits you with a +2 whip of electrocution!
You barely miss the lemure.
The lemure is severely wounded.
You hit Pikel. You burn Pikel. The lemure hits you but does no damage.
Pikel barely misses you.
You barely miss the lemure.
The lemure is severely wounded.
You hit Pikel. The lemure hits you but does no damage.
Pikel hits you with a +2 whip of electrocution!
You completely miss the lemure.
The lemure is almost dead.
The lemure shouts!
You hit Pikel. You freeze Pikel. The lemure hits you.
Pikel hits you with a +2 whip of electrocution!
You are electrocuted!
You die...
Xom cackles wildly!

####### .## .....#
.... ....#
.5.#5.##.(.#######
......5..........
#..##...#
#.#.$....5#
#.......5K#
.......###@#
####... #.#
#...###.#######
####..........#
##....>....#
##.........#
#...<......#
##.#.......#
..........<#


You could see Pikel and 3 lemures.

Vanquished Creatures
  An ogre (D:4)
  A lemure (D:4)
  A hound (D:3)
  Ijyb (D:3)
  3 adders
  4 gnolls (D:3)
  3 worms
  3 dart slugs (D:3)
  2 orcs (D:3)
  5 bats
  9 endoplasms
  6 giant cockroaches
  6 goblins
  5 hobgoblins
  7 jackals (D:1)
  3 quokkas
  3 ball pythons
  6 frilled lizards
  4 kobolds
  2 rats (D:1)
75 creatures vanquished.

Vanquished Creatures (others)
  A rat (D:3)
  6 toadstools (D:4)
7 creatures vanquished.

Grand Total: 82 creatures vanquished

Notes
Turn   | Place    | Note
-------+----------+-------------------------------------------
     0 | D:1      | qw the Barachi Chaos Knight began the quest for the Orb.
     0 | D:1      | Reached XP level 1. HP: 18/18 MP: 1/1
     0 | D:1      | 0 ||| qw: Version: 0.1-a-108-g9e35731
     0 | D:1      | 0 ||| qw: Game counter: 6410
     0 | D:1      | 0 ||| qw: Always use a shield: true
     0 | D:1      | 0 ||| qw: God list: Okawaru
     0 | D:1      | 0 ||| qw: Allow faded altars: false
     0 | D:1      | 0 ||| qw: Do Orc after D:15 true
     0 | D:1      | 0 ||| qw: Do second Lair branch before Depths: true
     0 | D:1      | 0 ||| qw: Lair rune preference: random
     0 | D:1      | 0 ||| qw: Plans: Normal
     0 | D:1      | 0 ||| PLANNING D:1-11
     0 | D:1      | Fell from the grace of Xom
   122 | D:1      | Reached XP level 2. HP: 24/24 MP: 2/2
   141 | D:1      | 141 ||| Stepping ~*~*~tactically~*~*~ (stealth).
   151 | D:1      | Reached skill level 4 in Axes
   158 | D:1      | 158 ||| Stepping ~*~*~tactically~*~*~ (stealth).
   163 | D:1      | 163 ||| Stepping ~*~*~tactically~*~*~ (stealth).
   274 | D:1      | 274 ||| Stepping ~*~*~tactically~*~*~ (stealth).
   406 | D:1      | Reached XP level 3. HP: 29/29 MP: 3/3
   440 | D:1      | XOM: give mutation
   440 | D:1      | Gained mutation: Your muscles are strong. (Str +4, Int/Dex
                  | -1) [Xom's grace]
   581 | D:1      | 581 ||| Stepping ~*~*~tactically~*~*~ (stealth).
   759 | D:1      | 759 ||| UPGRADING to +0 chain mail.
   769 | D:1      | 769 ||| DROPPING +2 leather armour.
   770 | D:1      | 770 ||| READING 2 scrolls labelled FAHIDGH RUPS.
   771 | D:1      | 771 ||| READING scroll labelled QASUSO XORIVYW.
   772 | D:1      | 772 ||| READING scroll labelled YNUNGA BUGOCIR.
   885 | D:2      | Reached skill level 1 in Throwing
  1107 | D:2      | 1107 ||| Stepping ~*~*~tactically~*~*~ (stealth).
  1233 | D:2      | Reached skill level 5 in Axes
  1287 | D:2      | Reached XP level 4. HP: 36/36 MP: 4/4
  1520 | D:2      | XOM: give mutations
  1520 | D:2      | Gained mutation: Armour fits poorly on your strangely
                  | shaped body. [Xom's mischief]
  1520 | D:2      | Gained mutation: You have a pair of small horns on your
                  | head. [Xom's mischief]
  1628 | D:2      | Found a faded altar of an unknown god.
  1971 | D:2      | 1971 ||| READING scroll labelled SEROAH ZIVECWA.
  1975 | D:2      | 1975 ||| READING 3 scrolls of identify.
  1975 | D:2      | 1975 ||| IDENTIFYING yellow potion
  1976 | D:2      | 1976 ||| READING 2 scrolls of identify.
  1976 | D:2      | 1976 ||| IDENTIFYING fuming sapphire potion
  1977 | D:2      | 1977 ||| DRINKING potion of mutation.
  1977 | D:2      | Lost mutation: You have a pair of small horns on your head.
                  | [potion of mutation]
  1977 | D:2      | Lost mutation: Your muscles are strong. (Str +4, Int/Dex
                  | -1) [potion of mutation]
  1977 | D:2      | Lost mutation: Armour fits poorly on your strangely shaped
                  | body. [potion of mutation]
  1977 | D:2      | Gained mutation: Your muscles are strong. (Str +4, Int/Dex
                  | -1) [potion of mutation]
  1977 | D:2      | Gained mutation: You have hidden genetic potential. [potion
                  | of mutation]
  1978 | D:2      | 1978 ||| DROPPING potion of brilliance.
  1991 | D:3      | XOM: noise
  1993 | D:3      | Noticed Ijyb
  1994 | D:3      | 1994 ||| Stepping ~*~*~tactically~*~*~ (hiding).
  2017 | D:3      | Killed Ijyb
  2131 | D:3      | 2131 ||| DROPPING +0 whip.
  2216 | D:3      | 2216 ||| Stepping ~*~*~tactically~*~*~ (stealth).
  2225 | D:3      | 2225 ||| Stepping ~*~*~tactically~*~*~ (stealth).
  2226 | D:3      | 2226 ||| Stepping ~*~*~tactically~*~*~ (stealth).
  2228 | D:3      | 2228 ||| Stepping ~*~*~tactically~*~*~ (hiding).
  2241 | D:3      | Reached skill level 6 in Axes
  2241 | D:3      | Reached XP level 5. HP: 37/41 MP: 5/5
  2241 | D:3      | Gained mutation: You passively dampen the noise of your
                  | surroundings. [hidden potential]
  2426 | D:3      | 2426 ||| Stepping ~*~*~tactically~*~*~ (stealth).
  2428 | D:3      | 2428 ||| Stepping ~*~*~tactically~*~*~ (stealth).
  2633 | D:3      | 2633 ||| Stepping ~*~*~tactically~*~*~ (stealth).
  2634 | D:3      | 2634 ||| Stepping ~*~*~tactically~*~*~ (stealth).
  2672 | D:3      | 2672 ||| DROPPING +0 whip of venom.
  2731 | D:3      | 2731 ||| DROPPING +0 mace of holy wrath.
  2805 | D:3      | 2805 ||| Stepping ~*~*~tactically~*~*~ (hiding).
  3213 | D:3      | 3213 ||| DROPPING orb of light.
  3214 | D:3      | 3214 ||| UPGRADING to ring of willpower.
  3215 | D:3      | 3215 ||| READING scroll labelled NYSHRUK RUASITZ.
  3216 | D:3      | 3216 ||| READING scroll labelled BAEF AGEFU.
  3233 | D:4      | Noticed an ogre
  3235 | D:4      | 3235 ||| STAIRDANCE
  3258 | D:4      | Killed an ogre
  3259 | D:4      | Reached skill level 7 in Axes
  3259 | D:4      | Reached XP level 6. HP: 40/48 MP: 6/6
  3259 | D:4      | 3259 ||| STAIRDANCE
  3265 | D:3      | Gained mutation: You have a pair of small antennae on your
                  | head. [hidden potential]
  3265 | D:3      | Lost mutation: You have hidden genetic potential. [hidden
                  | potential expressed]
  3325 | D:4      | Noticed Pikel
  3326 | D:4      | 3326 ||| Stepping ~*~*~tactically~*~*~ (stealth).
  3327 | D:4      | 3327 ||| Stepping ~*~*~tactically~*~*~ (stealth).
  3330 | D:4      | 3330 ||| Stepping ~*~*~tactically~*~*~ (stealth).
  3340 | D:4      | HP: 12/48 [lemure[Pikel] (4)]
  3340 | D:4      | HP: 4/48 [Pikel/+2 whip of electrocution (8)]
  3340 | D:4      | Mangled by Pikel

Levels and vault maps discovered:
D:1:      dpeg_arrival_renting, layout_rooms
D:2:      layout_basic, hellmonk_ecumenical_altar_slurped_away
D:3:      layout_loops_cross, serial_aquarium, aquarium_bridge_long_joined
          [aquarium_subvault_bridge, aquarium_subvault_balcony,
          aquarium_subvault_window, aquarium_subvault_bridge,
          aquarium_subvault_window, aquarium_subvault_window],
          aquarium_window_1, aquarium_window_fake, aquarium_window_1,
          aquarium_window_2, aquarium_view_2d, aquarium_view_2f,
          aquarium_balcony_double_4, minmay_three_crescents, uniq_ijyb
D:4:      layout_loops_cross, serial_park_tiny_2, minmay_gold_behind_fungi,
          kennysheep_generic_room_12, uniq_pikel

Skill      XL: |  1  2  3  4  5 |
---------------+----------------+-----
Axes           | 4 5 6 7 |  7.2
Throwing       | 1 |  1.0
Fighting       | 4 |  4.1
Armour         | |  2.4
Dodging        | |  1.1

Action                   |  1- 3 |  4- 6 || total
-------------------------+-------+-------++-------
Melee: Hand axe          |   123 |    98 ||   221
       Punch             |     1 |     1 ||     2
       Headbutt          |       |     1 ||     1
Throw: Javelin           |     7 |    17 ||    24
Invok: Renounce Religion |     1 |       ||     1
  Use: Scroll            |     3 |     5 ||     8
       Potion            |       |     1 ||     1
Armor: Leather armour    |    37 |       ||    37
       Chain mail        |    13 |    36 ||    49
Dodge: Dodged            |    63 |    29 ||    92

Table legend:
 A = Non-vault XP
 B = Vault XP
 C = Vault XP percentage of total XP
 D = Non-vault monster count
 E = Vault monster count
 F = Vault count percentage of total count
                 A         B        C        D         E       F
            +---------+---------+-------+---------+---------+-------
      Total |     334 |      89 |  21.0 |      67 |       7 |   9.5
            +---------+---------+-------+---------+---------+-------
        D:1 |      50 |       0 |   0.0 |      29 |       0 |   0.0
        D:2 |      45 |       2 |   4.3 |      17 |       1 |   5.6
        D:3 |     116 |      87 |  42.9 |      19 |       6 |  24.0
        D:4 |     123 |       0 |   0.0 |       2 |       0 |   0.0
            +---------+---------+-------+---------+---------+-------
